 Dungeon Crawl Stone Soup version 0.27-a0-789-g6bb3289e1e (webtiles) character file.

Game seed: 4517287410000830299

151 rageheart7 the Slasher (level 4, 0/40 HPs)
             Began as a Demigod Gladiator on Mar 26, 2021.
             Slain by a river rat (5 damage)
             ... in a sewer.
             The game lasted 00:03:01 (2857 turns).

rageheart7 the Slasher (Demigod Gladiator)          Turns: 2857, Time: 00:03:02

Health: 0/40       AC:  9    Str: 17 (19) XL:     4   Next: 86%
Magic:  6/6        EV:  4    Int:  9 (10) God:
Gold:   179        SH:  0    Dex: 14 (15) Spells: 3/3 levels left

rFire    . . .     SeeInvis .   a - +1 long sword
rCold    + . .     Faith    .   (no shield)
rNeg     . . .     Spirit   .   j - +0 chain mail
rPois    .         Reflect  .   c - +0 helmet
rElec    .         Harm     .   (no cloak)
rCorr    .         Rampage  .   (no gloves)
Will     .....                  (no boots)
Stlth    ..........             (no amulet)
HPRegen  0.13/turn              e - ring of protection from cold
MPRegen  0.10/turn              (no ring)

@: hasted, constricted, very quick
A: high mp 1, forlorn
a: no special abilities


You were in a sewer.
You visited 1 branch of the dungeon, and saw 3 of its levels.
You also visited: Sewer.

You collected 179 gold pieces.

Inventory:

Hand Weapons
 a - a +1 long sword (weapon)
Missiles
 d - 3 throwing nets (quivered)
Armour
 b - a +0 leather armour
 c - a +0 helmet (worn)
 j - a +0 chain mail (worn)
Jewellery
 e - a ring of protection from cold (right hand)
Scrolls
 g - a scroll of enchant armour {unknown}
 h - a scroll of identify
Potions
 f - a potion of curing {unknown}
 k - a potion of brilliance {unknown}
 l - a potion of heal wounds {unknown}
 n - 2 potions of might {unknown}


   Skills:
 * Level 3.6 Fighting
 * Level 4.2 Long Blades
 - Level 1.7 Throwing
 - Level 2.6 Dodging


You had 3 spell levels left.
You didn't know any spells.
Your spell library was empty.

Dungeon Overview and Level Annotations

Branches:
Dungeon (3/15)              Sewer (1/1)

Shops:
D:3 =


Innate Abilities, Weirdness & Mutations

Your attributes grow dramatically as you level up.
You have an increased reservoir of magic. (+10% MP)
You shall have no god before yourself.


Message History

Your chain mail prevents you from hitting the rat.
The adder bites you but does no damage.
The ball python bites you but does no damage.
The ball python constricts you. The river rat bites you.
You closely miss the adder. The adder bites you but does no damage.
The rat bites you but does no damage.
The ball python bites you but does no damage.
The ball python constricts you.
The river rat bites you but does no damage.
The adder bites you but does no damage. The rat bites you but does no damage.
The ball python bites you. The ball python constricts you.
You feel yourself speed up. The adder barely misses you.
The rat bites you but does no damage. The river rat bites you.
The ball python bites you. The ball python constricts you.
The rat bites you but does no damage.
You barely miss the adder. The adder bites you but does no damage.
The river rat bites you but does no damage.
The ball python bites you but does no damage.
The ball python constricts you.
You miss the adder. The rat bites you but does no damage. The adder bites you.
The rat bites you but does no damage. The ball python bites you.
* * * LOW HITPOINT WARNING * * *
The ball python constricts you.
The ball python's grasp on you weakens, but your attempt to escape fails.
The river rat bites you.
* * * LOW HITPOINT WARNING * * *
The adder bites you but does no damage.
The rat bites you but does no damage. x2
You miss the adder. The ball python bites you.
* * * LOW HITPOINT WARNING * * *
The ball python constricts you. The rat barely misses you.
The river rat bites you but does no damage.
The adder bites you but does no damage.
You miss the adder.
The ball python bites you but does no damage.
The ball python constricts you. The rat bites you.
* * * LOW HITPOINT WARNING * * *
The rat bites you but does no damage. The adder bites you.
* * * LOW HITPOINT WARNING * * *
The rat bites you but does no damage. The river rat bites you.
You die...

##### ## ##..∩# ##### ∩..#
##..######...## ####
#...##..#####......###..#
##.......##††............
#...........†............
.........rr...............
.........@S...............
........Srr........≈≈≈≈≈≈≈
≈≈≈≈≈...........≈≈≈≈≈≈≈≈≈≈
≈≈≈≈≈≈.......≈≈≈≈≈≈≈≈≈≈≈≈≈
≈≈≈≈≈≈≈≈≈≈≈≈≈≈≈≈≈≈≈≈≈≈≈≈≈≈
≈≈≈≈≈≈≈≈≈≈≈≈≈≈≈≈≈≈≈≈≈≈≈≈≈
≈≈...........≈≈≈≈≈≈≈≈≈≈≈
..................≈≈≈≈≈≈
..........##......##≈≈≈


You could see an adder, a river rat, a ball python and 3 rats.

Vanquished Creatures
  A jelly (D:3)
  A centaur skeleton (D:2)
  An adder (D:2)
  4 worms
  A dart slug (D:1)
  6 ball pythons
  4 endoplasms
  4 giant cockroaches
  4 hobgoblins
  9 jackals
  8 kobolds
  3 quokkas
  5 bats
  5 frilled lizards
  3 goblins
  11 rats
70 creatures vanquished.

Vanquished Creatures (others)
  4 toadstools (D:1)
4 creatures vanquished.

Grand Total: 74 creatures vanquished

Notes
Turn   | Place    | Note
-------+----------+-------------------------------------------
     0 | D:1      | rageheart7 the Demigod Gladiator began the quest for the
                  | Orb.
     0 | D:1      | Reached XP level 1. HP: 17/17 MP: 3/3
   224 | D:1      | Reached skill level 3 in Long Blades
   237 | D:1      | Reached XP level 2. HP: 22/24 MP: 4/4
  1252 | D:1      | Reached XP level 3. HP: 28/30 MP: 5/5
  1865 | D:2      | Reached XP level 4. HP: 28/38 MP: 6/6
  2515 | D:3      | Found Meshriud's Jewellery Emporium.
  2542 | D:3      | Reached skill level 4 in Long Blades
  2643 | D:3      | Found a glowing drain.
  2655 | Sewer    | Entered a sewer
  2857 | Sewer    | Slain by a river rat

Illustrated notes

Levels and vault maps discovered:
D:1:      amcnicky_arrival_abandoned_market, layout_basic,
          minmay_gold_behind_fungi
D:2:      layout_loops_ring, serial_park_tiny_1
D:3:      layout_rooms, gup_sewer_entry_bubbles, serial_shops, shop
Sewer:    sewer_minmay_treatment

Skill      XL: |  1  2  3  4 |
---------------+-------------+-----
Fighting       | 2 3 |  3.6
Long Blades    | 3 4 |  4.2
Throwing       | |  1.7
Dodging        | |  2.6

Action                   |  1- 3 |  4- 6 || total
-------------------------+-------+-------++-------
Melee: Long sword        |   114 |   100 ||   214
  Use: Scroll            |       |     4 ||     4
       Potion            |       |     2 ||     2
 Stab: Sleeping          |     3 |       ||     3
Armor: Leather armour    |    32 |       ||    32
       Chain mail        |    29 |    75 ||   104
Dodge: Dodged            |   100 |    56 ||   156
       Rpst.: Long sword |    32 |    14 ||    46

Table legend: (Time is in decaauts)
 A = Elapsed time spent in this place.
 B = Non-inter-level travel time spent in this place.
 C = Inter-level travel time spent in this place.
 D = Time resting spent in this place.
 E = Time spent auto-exploring this place.
 F = Levels seen in this place.
 G = Mean time per level.
                   A        B        C        D        E       F      G
               +--------+--------+--------+--------+--------+-----+--------+
         Total |   2916 |   2848 |     68 |      0 |   2339 |   4 |  729.0 |
       Dungeon |   2711 |   2643 |     68 |      0 |   2185 |   3 |  903.7 |
         Sewer |    205 |    205 |      0 |      0 |    154 |   1 |  205.0 |
               +--------+--------+--------+--------+--------+-----+--------+

Top non-repeatable levels by time:
     D:1: 1381 daAuts
     D:2: 1144 daAuts
   Sewer: 205 daAuts
     D:3: 185 daAuts
